 Dungeon Crawl Stone Soup version 0.29.1-12-g30fa7ad0bf (webtiles) character file.

Game seed: 18163579206883077209

1 DoIIoM the Caller (level 1, 0/11 HPs)
             Began as an Octopode Summoner on Jan 16, 2023.
             Constricted to death by a ball python (1 damage)
             ... on level 1 of the Dungeon.
             The game lasted 00:00:24 (21 turns).

DoIIoM the Caller (Octopode Summoner)                 Turns: 21, Time: 00:00:25

Health: 0/11       AC:  1    Str:  7    XL:     1   Next: 20%
Magic:  3/3        EV: 10    Int: 17    God:
Gold:   0          SH:  0    Dex: 12    Spells: 3/4 levels left

rFire   . . .      SeeInvis .   (no weapon)
rCold   . . .      Faith    .   (no shield)
rNeg    . . .      Spirit   .   (helmet restricted)
rPois   .          Reflect  .   (no amulet)
rElec   .          Harm     .   (no ring)
rCorr   .          Rampage  .   (no ring)
Will    .....                   (no ring)
Stlth   +++.......              (no ring)
HPRegen 0.03/turn               (no ring)
MPRegen 0.08/turn               (no ring)
                                (no ring)
                                (no ring)

@: constricted
A: almost no armour, amphibious, 8 rings, camouflage 1, gelatinous body 1,
(nimble swimmer 1), tentacles
a: no special abilities


You were on level 1 of the Dungeon.
You visited 1 branch of the dungeon, and saw 1 of its levels.

Inventory:

Potions
 a - a potion of magic


   Skills:
 + Level 0.1 Fighting
 - Level 2.0 Dodging
 + Level 2.7 Stealth
 + Level 2.0 Spellcasting
 + Level 4.0 Summonings


You had 3 spell levels left.
You knew the following spells:

 Your Spells              Type           Power      Damage    Failure   Level
a - Summon Small Mammal   Summ           60%        N/A       3%          1

Your spell library contained the following spells:

 Spells                   Type           Power      Damage    Failure   Level
 Call Imp                 Summ           15%        N/A       5%          2
 Call Canine Familiar     Summ           15%        N/A       11%         3
 Summon Guardian Golem    Hex/Summ       8%         N/A       26%         3
 Summon Lightning Spire   Summ/Air       8%         N/A       63%         4


Dungeon Overview and Level Annotations

Branches:
Dungeon (1/15)

Altars:


Innate Abilities, Weirdness & Mutations

You cannot wear most types of armour.
You are amphibious.
You can wear up to eight rings at the same time.
Your skin changes colour to match your surroundings (Stealth+).
Your rubbery body absorbs attacks. (AC +1, EV +1)
((You are camouflaged when in or above water. (Stealth+)))
You have tentacles for arms and can constrict up to eight enemies at once.


Message History

The bat hits you but does no damage.
You tentacle-slap the bat but do no damage.
Your grab misses the bat. The bat barely misses you. x2
The bat barely misses you.
You tentacle-slap the bat but do no damage.
Your grab misses the bat. Your squeeze misses the bat. The bat misses you.
The bat barely misses you. The bat barely misses you.
You miss the bat. Your grab misses the bat. Your squeeze misses the bat.
The bat hits you.
You tentacle-slap the bat. Your grab misses the bat.
The bat is heavily wounded.
The bat hits you.
A ball python comes into view.
Found a ring mail.
The bat hits you but does no damage.
You tentacle-slap the bat.
You kill the bat!
A kobold comes into view. It is wielding a +0 dagger.
Unknown command.
A kobold comes into view. It is wielding a +0 club.
The kobold shouts!
The ball python hisses angrily.
The kobold shouts!
The ball python misses you. The ball python completely misses you.
You tentacle-slap the kobold. You grab the kobold. You squeeze the kobold.
The kobold is heavily wounded.
You constrict the kobold. The ball python bites you. The ball python grabs you.
The ball python constricts you.
A rat comes into view.
The kobold hits you with a +0 dagger. The ball python bites you.
* * * LOW HITPOINT WARNING * * *
The ball python constricts you.
* * * LOW HITPOINT WARNING * * *
You are too injured to fight recklessly!
Unknown command.
You are too injured to fight recklessly!
You closely miss the ball python. You grab the ball python.
You constrict the ball python, but do no damage.
You constrict the kobold.
You kill the kobold!
The ball python closely misses you. The ball python constricts you.
You die...

### #.. ####.#
.....########r##
.###
#.....).[.K..
.....##.#..@S.#
......†...###.#
.##.##.### # #.#
#.# #.# #.##
#.#.## ..###.##


You could see a ball python, a kobold and a rat.

Vanquished Creatures
  A bat (D:1)
  A kobold (D:1)
2 creatures vanquished.

Notes
Turn   | Place    | Note
-------+----------+-------------------------------------------
     0 | D:1      | DoIIoM the Octopode Summoner began the quest for the Orb.
     0 | D:1      | Reached XP level 1. HP: 11/11 MP: 3/3
    21 | D:1      | Constricted to death by a ball python

Illustrated notes

Levels and vault maps discovered:
D:1:      minmay_arrival_nine_rooms, layout_loops_ring

Action                   || total
-------------------------++-------
Melee: Unarmed           ||     7
       Constrict         ||     2
       Tentacles         ||     1
Armor: Skin              ||     2
Dodge: Dodged            ||     9
